 Dungeon Crawl Stone Soup version 0.31-a0-574-g69dc8cc98e (webtiles) character file.

Game seed: 9985098132554090276

2546 randomguy2701 the Cleaver (level 9, -1/79 HPs)
             Began as a Hill Orc Fighter on Aug 19, 2023.
             Slain by a hornet (2 damage)
             ... on level 6 of the Dungeon.
             The game lasted 00:08:07 (5417 turns).

randomguy2701 the Cleaver (Hill Orc Fighter)        Turns: 5417, Time: 00:08:10

Health: -1/79      AC: 21    Str: 21    XL:     9   Next: 55%
Magic:  24/24      EV:  6    Int:  8    God:
Gold:   509        SH:  5    Dex: 12    Spells: 8/8 levels left

rFire   . . .        a - +0 war axe
rCold   . . .        c - +0 buckler
rNeg    . . .        x - +0 plate armour
rPois   .            (no helmet)
rElec   .            (no cloak)
rCorr   .            (no gloves)
SInv    .            (no boots)
Will    +....        d
                       - Hermit's Pendant {Faith Invo=14 Evo=0 MP+5} Stlth
                     j - +4 ring of protection
HPRegen 0.33/turn    h - +4 ring of protection
MPRegen 0.19/turn

%: faith
@: lethally poisoned (-1 -> -8), enlightened, flying, slowed, very slow
A: no striking features
a: no special abilities


You were on level 6 of the Dungeon.
You visited 1 branch of the dungeon, and saw 7 of its levels.

You collected 509 gold pieces.

Inventory:

Hand Weapons
 a - a +0 war axe (weapon)
Armour
 c - a +0 buckler (worn)
 k - a scarf of shadows
 x - a +0 plate armour (worn)
Jewellery
 d - the Hermit's Pendant (around neck) {Faith Invo=14 Evo=0 MP+5}
   (You found it on level 6 of the Dungeon)

   [amulet of faith]

   Invo=14: It sets your Invocations skill to 14.
   Evo=0: It sets your Evocations skill to 0.
   Faith:     It allows you to gain divine favour quickly.
   MP+5:      It affects your magic capacity (+5).
 g - a ring of willpower
 h - a +4 ring of protection (right hand)
 j - a +4 ring of protection (left hand)
 t - a ring of wizardry
 w - a ring of flight
 y - the ring of the Mage {Wiz Archmagi}
   (You took it off a centaur on level 6 of the Dungeon)

   [ring of wizardry]

   Wiz:       It improves your spell success rate.
   Archmagi:  It increases the power of your magical spells.
 z - a +4 ring of protection
Wands
 r - a wand of flame (23)
 v - a wand of polymorph (6)
Scrolls
 b - a scroll of enchant weapon {unknown}
 f - a scroll of fog {unknown}
 l - 3 scrolls of teleportation {unknown}
 m - a scroll of silence {unknown}
 n - 2 scrolls of vulnerability
 o - a scroll of revelation {unknown}
 p - 6 scrolls of identify {unknown}
 q - 2 scrolls of immolation {unknown}
 s - a scroll of enchant armour {unknown}
Potions
 u - a potion of berserk rage {unknown}
 A - a potion of haste {unknown}
 B - a potion of enlightenment


   Skills:
 + Level 7.5 Fighting
 + Level 11.4 Axes
 + Level 7.4 Armour
 - Level 1.0 Dodging
 + Level 5.5 Shields


You had 8 spell levels left.
You didn't know any spells.
Your spell library contained the following spells:

 Spells                   Type           Power      Damage    Failure   Level
 Sublimation of Blood     Necr           0%         N/A       100%        2
 Wereblood                Tmut           0%         N/A       100%        2
 Gell's Gravitas          Tloc           0%         N/A       100%        3
 Portal Projectile        Hex/Tloc       0%         N/A       100%        3
 Teleport Other           Tloc           0%         N/A       100%        3
 Tukima's Dance           Hex            0%         N/A       100%        3
 Iskenderun's Mystic Bla  Conj/Tloc      0%         2d3       100%        4
 Dispersal                Tloc           0%         N/A       100%        6
 Summon Hydra             Summ           0%         N/A       100%        7


Dungeon Overview and Level Annotations

Branches:
Dungeon (7/15)             Temple (0/1) D:6

Altars:
Kikubaaqudgha
Nemelex Xobeh
Qazlal

Shops:
D:4 :((*


Message History

You feel as though you will be slow longer.
The hornet barely misses you.
Unknown command.
You barely miss the hornet.
The hornet is heavily wounded.
You feel very sick.
The hornet stings you but does no damage.
The hornet stings you!
* * * LOW HITPOINT WARNING * * *
You feel as though you will be slow longer.
The hornet stings you but does no damage.
You feel better. You block the hornet's attack. x2
You barely miss the hornet.
The hornet is heavily wounded.
The hornet stings you!
You are poisoned.
You feel as though you will be slow longer.
The hornet stings you but does no damage.
You barely miss the hornet.
The hornet is heavily wounded.
You feel very sick. The hornet stings you!
* * * LOW HITPOINT WARNING * * *
You are lethally poisoned!
You feel as though you will be slow longer.
The hornet stings you but does no damage. x2
You completely miss the hornet.
The hornet is heavily wounded.
* * * LOW HITPOINT WARNING * * *
You feel very sick. You block the hornet's attack. The hornet stings you.
* * * LOW HITPOINT WARNING * * *
You feel as though you will be slow longer.
It was a potion of enlightenment.
You feel very buoyant.
You fly up into the air.
* * * LOW HITPOINT WARNING * * *
You feel very sick. The hornet stings you.
You die...

..###### #.# #....#
#..# ###.####....#
##.#####...†.##...##
#......#.....###.##
.#######.....# #.#
.# #.(...# #.# .#
#.....# #.# .#
####### #.## .# #@y#
.## #########.#
..#######..=...##.#
#......##.####.##.#
..####.##.#.......#
### #......##.####
####.####.# #.####.#
#......#


You could see a hornet.

Vanquished Creatures
  A gargoyle (D:6)
  5 yaks (D:6)
  A steam dragon (D:6)
  Menkaure (D:6)
  A water moccasin (D:6)
  An ice beast (D:7)
  3 ogres (D:6)
  2 centaurs
  A phantom (D:5)
  A bullfrog (D:6)
  3 wights (D:6)
  A hound (D:6)
  A sleepcap (D:6)
  3 iguanas
  2 orc wizards (D:4)
  A gnoll (D:1)
  8 adders
  A white imp (D:6)
  2 worms (D:2)
  4 dart slugs
  10 orcs
  5 bats
  9 endoplasms
  3 giant cockroaches (D:2)
  8 goblins
  3 hobgoblins
  12 jackals (D:2)
  3 kobolds
  2 quokkas
  8 ball pythons
  7 frilled lizards
  5 rats
118 creatures vanquished.

Vanquished Creatures (others)
  An ufetubus (D:6)
1 creature vanquished.

Grand Total: 119 creatures vanquished

Notes
Turn   | Place    | Note
-------+----------+-------------------------------------------
     0 | D:1      | randomguy2701 the Hill Orc Fighter began the quest for the
                  | Orb.
     0 | D:1      | Reached XP level 1. HP: 19/19 MP: 1/1
   120 | D:1      | Reached XP level 2. HP: 16/27 MP: 2/2
   264 | D:1      | Reached skill level 3 in Axes
   264 | D:1      | Reached XP level 3. HP: 31/33 MP: 3/3
   850 | D:2      | Reached XP level 4. HP: 40/40 MP: 4/4
   881 | D:2      | Found a faded altar of an unknown god.
   944 | D:2      | Reached skill level 4 in Axes
  1583 | D:3      | Found a sparkling altar of Nemelex Xobeh.
  1607 | D:3      | Reached XP level 5. HP: 47/47 MP: 5/5
  1727 | D:3      | Found a stormy altar of Qazlal.
  2382 | D:4      | Found Daarchamu's Book Boutique.
  2392 | D:4      | Reached skill level 5 in Axes
  2392 | D:4      | Reached skill level 1 in Dodging
  2739 | D:4      | Reached XP level 6. HP: 51/53 MP: 6/6
  2841 | D:4      | Found Kiosh's Antique Weapon Shoppe.
  2902 | D:4      | Found an ancient bone altar of Kikubaaqudgha.
  2979 | D:4      | Found Esmet's Assorted Antiques.
  3068 | D:4      | Found Jotu's Weapon Emporium.
  3202 | D:5      | Entered Level 5 of the Dungeon
  3429 | D:5      | Reached skill level 6 in Axes
  3868 | D:6      | Noticed a yak
  3868 | D:6      | Noticed a yak
  3868 | D:6      | Noticed a yak
  3868 | D:6      | Noticed a yak
  3868 | D:6      | Noticed a yak
  3881 | D:6      | Killed a yak
  3882 | D:6      | Reached skill level 5 in Fighting
  3882 | D:6      | Reached skill level 5 in Armour
  3882 | D:6      | Reached XP level 7. HP: 51/61 MP: 7/7
  3884 | D:6      | Killed a yak
  3891 | D:6      | Killed a yak
  3892 | D:6      | Reached skill level 7 in Axes
  3894 | D:6      | Killed a yak
  3895 | D:6      | Reached XP level 8. HP: 50/70 MP: 8/8
  3905 | D:6      | Killed a yak
  3906 | D:6      | Reached skill level 8 in Axes
  4089 | D:6      | Found a staircase to the Ecumenical Temple.
  4273 | D:6      | You fall into a shaft and drop 1 floor!
  4274 | D:7      | Noticed Menkaure
  4291 | D:6      | Reached skill level 9 in Axes
  4291 | D:6      | Reached skill level 5 in Shields
  4597 | D:6      | Found a faded altar of an unknown god.
  4597 | D:6      | Noticed a gargoyle
  4597 | D:6      | Found the Hermit's Pendant {Faith Invo=14 Evo=0 MP+5}
  4606 | D:6      | Killed a gargoyle
  4607 | D:6      | Reached skill level 10 in Axes
  4607 | D:6      | Reached XP level 9. HP: 46/79 MP: 9/9
  5111 | D:6      | Reached skill level 11 in Axes
  5166 | D:6      | Killed Menkaure
  5387 | D:7      | Noticed a hornet
  5399 | D:6      | Paralysed by a hornet for 1 turns
  5417 | D:6      | HP: 1/79 [poisoned by a hornet]
  5417 | D:6      | Slain by a hornet

Illustrated notes

Levels and vault maps discovered:
D:1:      roderic_dead_forest, layout_loops_cross, chequers_garden
D:2:      layout_basic, hellmonk_ecumenical_altar_arch_garden, chequers_jeans,
          minmay_gold_behind_fungi, palyth_stone_intersect, minmay_misc_feat_iff
D:3:      layout_basic, grunt_qazlal_sundering, lemuel_tele_altar
D:4:      nicolae_cairo_tiling_very_big, layout_basic,
          mainiacjoe_overflow_alcove_2, serial_shops,
          nicolae_shop_back_alley_shop, nicolae_shop_real_fake_doors, shop,
          nicolae_shop_behind_doors
D:5:      layout_basic
D:6:      layout_loops_cross, minmay_temple_entry_overgrown,
          hellmonk_guarded_unrand_hermit
D:7:      layout_basic, okawaru_altar_gauntlet_db, minivault_24, uniq_menkaure

Skill      XL: |  1  2  3  4  5  6  7  8  9 |
---------------+----------------------------+-----
Fighting       | 4 5 7 |  7.5
Axes           | 3 4 5 6 7 10 11 | 11.4
Armour         | 4 5 6 7 |  7.4
Shields        | 4 5 |  5.5
Dodging        | 1 |  1.0

Action                     |  1- 3 |  4- 6 |  7- 9 || total
---------------------------+-------+-------+-------++-------
  Melee: War axe           |    67 |   208 |   179 ||   454
    Use: Scroll            |     2 |       |       ||     2
         Potion            |       |     1 |     9 ||    10
 Armour: Scale mail        |    40 |   142 |       ||   182
         Plate armour      |       |     2 |   123 ||   125
  Dodge: Dodged            |    40 |   110 |    52 ||   202
  Block: Buckler           |    10 |    46 |    47 ||   103

Table legend: (Time is in decaauts)
 A = Elapsed time spent in this place.
 B = Non-inter-level travel time spent in this place.
 C = Inter-level travel time spent in this place.
 D = Time resting spent in this place.
 E = Time spent auto-exploring this place.
 F = Levels seen in this place.
 G = Mean time per level.
                   A        B        C        D        E       F      G
               +--------+--------+--------+--------+--------+-----+--------+
         Total |   5524 |   5413 |    111 |     41 |   4417 |   7 |  789.1 |
       Dungeon |   5524 |   5413 |    111 |     41 |   4417 |   7 |  789.1 |
               +--------+--------+--------+--------+--------+-----+--------+

Top non-repeatable levels by time:
     D:6: 1415 daAuts
     D:4: 936 daAuts
     D:3: 848 daAuts
     D:2: 785 daAuts
     D:1: 706 daAuts
     D:5: 667 daAuts
     D:7: 164 daAuts
